Map: Orbital Shipyard

Players

Clyde

  • Race: Protoss Protoss
  • League: Gold

LindyHop - Winner!

  • Race: Zerg Zerg
  • League: Platinum

VOD

Have the link to the VOD?

Description

Time

  • Played on: Jan. 14, 2016, 7:32 p.m.
  • Length: 28:28
Show
View Real Time Build Order
Export as new Build Order

Clyde Protoss 

Build Orders: 1 Gate Expand 

Get SALT Encoding   

  12  0:01  Probe (Chrono Boost)  
  13  0:12  Probe (Chrono Boost)  
  14  0:24  Probe (Chrono Boost), Pylon  
  15  0:42  Probe (Chrono Boost), Gateway  
  16  0:53  Probe (Chrono Boost)  
  17  1:11  Nexus  
  17  1:14  Probe (Chrono Boost)  
  18  1:22  Pylon  
  18  1:26  Probe (Chrono Boost)  
  19  1:36  Assimilator  
  19  1:38  Probe (Chrono Boost)  
  20  1:41  Assimilator  
  21  2:01  Probe (Chrono Boost)  
  21  2:09  Cybernetics Core  
  21  2:19  Zealot (Chrono Boost)  
  23  2:23  Probe x2  
  25  2:36  Probe  
  25  2:38  Probe  
  25  2:43  Zealot (Chrono Boost)  
  29  2:49  Probe  
  29  2:50  Mothership Core  
  32  2:56  Robotics Facility  
  32  2:59  Pylon  
  32  3:00  Probe  
  33  3:07  Adept (Chrono Boost)  
  35  3:17  Probe  
  35  3:18  Probe  
  37  3:23  Forge  
  37  3:27  Probe  
  37  3:30  Probe  
  39  3:41  Probe  
  39  3:43  Probe  
  39  3:46  Observer  
  42  3:52  Probe  
  42  3:55  Probe  
  44  3:59  Twilight Council  
  44  4:03  Pylon  
  44  4:06  Probe  
  44  4:07  Probe, Pylon  
  44  4:08  Pylon  
  46  4:10  Protoss Shields Level 1, Pylon  
  46  4:14  Pylon  
  46  4:16  Warp Gate (Chrono Boost), Assimilator  
  46  4:21  Assimilator  
  46  4:28  Immortal  
  50  4:38  Pylon  
  50  4:49  Photon Cannon  
  50  4:51  Probe  
  51  4:54  Probe, Pylon  
  52  5:03  Probe  
  52  5:06  Probe  
  54  5:15  Probe  
  54  5:18  Probe  
  56  5:23  Photon Cannon  
  56  5:26  Photon Cannon  
  56  5:27  Probe  
  57  5:34  Nexus  
  57  5:39  Probe  
  57  5:40  Probe  
  59  5:48  Stargate  
  59  5:49  Stargate  
  59  5:50  Stargate  
  59  5:51  Pylon, Photon Cannon  
  59  6:02  Templar Archives  
  58  6:19  Adept  
  58  6:21  Protoss Shields Level 2  
  60  6:26  Gateway  
  60  6:34  Gateway  
  60  6:35  Gateway  
  60  6:37  Gateway  
  60  6:38  Gateway  
  60  6:39  Protoss Air Weapons Level 1 (Chrono Boost)  
  60  6:46  Probe  
  61  6:56  Probe  
  62  7:05  Pylon  
  62  7:07  Probe, Pylon  
  62  7:12  Pylon  
  62  7:14  Pylon  
  62  7:15  Assimilator  
  63  7:16  Psionic Storm  
  63  7:17  Probe  
  63  7:19  Pylon, Assimilator  
  63  7:21  Observer  
  65  7:28  Probe  
  65  7:29  High Templar  
  68  7:30  High Templar  
  70  8:03  Photon Cannon x2  
  70  8:06  Photon Cannon  
  70  8:08  Photon Cannon  
  70  8:13  Pylon  
  70  8:17  Photon Cannon  
  70  8:18  Photon Cannon  
  70  8:21  Photon Cannon x2  
  70  8:23  Pylon  
  70  8:28  Photon Cannon  
  70  8:29  Photon Cannon, Protoss Shields Level 3  
  70  8:31  High Templar x2  
  70  8:32  High Templar x2  
  78  8:36  Adept x2  
  82  8:50  Protoss Air Armor Level 1 (Chrono Boost)  
  82  8:56  Photon Cannon  
  70  9:10  Stalker  
  70  9:11  Stalker x4  
  70  9:12  Stalker  
  72  9:29  Phoenix x2  
  76  9:37  Phoenix  
  78  9:47  Photon Cannon  
  78  10:30  Phoenix x3 (Chrono Boost)  
  84  10:36  Probe  
  84  10:40  Probe  
  84  10:42  Probe  
  87  10:48  Probe  
  88  10:53  Phoenix (Chrono Boost)  
  90  10:58  High Templar x2  
  90  10:59  High Templar x2  
  90  11:00  Probe  
  90  11:02  Archon  
  99  11:04  Archon  
  99  11:12  Probe  
  100  11:45  Phoenix x3 (Chrono Boost)  
  68  12:33  Robotics Bay  
  68  12:38  Pylon, Robotics Facility  
  68  12:46  Dark Shrine  
  68  12:50  Pylon  
  68  12:58  Stalker x5  
  73  12:59  Stalker  
  79  13:11  Probe, Photon Cannon  
  79  13:12  Photon Cannon  
  80  13:13  Probe  
  80  13:15  Photon Cannon x2  
  80  13:16  Probe  
  82  13:23  Probe  
  82  13:25  Probe  
  84  13:35  Probe  
  84  13:37  Probe  
  86  13:43  Colossus x2  
  86  13:48  Probe  
  87  13:49  Probe  
  87  13:52  Extended Thermal Lance (Chrono Boost)  
  100  13:55  Protoss Ground Weapons Level 1 (Chrono Boost)  
  100  14:00  Probe  
  100  14:01  Probe  
  102  14:05  Photon Cannon  
  102  14:16  Probe  
  103  14:28  Probe  
  103  14:29  Colossus  
  103  14:30  Colossus  
  116  14:40  Probe  
  109  15:16  Colossus x2  
  109  15:19  Void Ray x3  
  133  15:30  Dark Templar  
  133  15:31  Dark Templar  
  137  15:39  Archon  
  137  15:48  Protoss Ground Weapons Level 2 (Chrono Boost)  
  137  16:03  Colossus x2  
  149  16:18  Zealot x3  
  149  16:19  Zealot x3  
  161  16:54  Colossus x2  
  173  17:10  Void Ray x2 (Chrono Boost)  
  173  17:11  Void Ray (Chrono Boost)  
  185  17:17  Dark Templar x2  
  137  18:02  Stalker x2  
  137  18:03  Stalker x4  
  125  18:33  Zealot  
  125  18:34  Zealot x5  
  129  18:39  Void Ray x3 (Chrono Boost)  
  149  19:02  Nexus  
  143  19:04  Pylon  
  87  19:24  Dark Templar x2  
  87  19:25  Dark Templar x3  
  87  19:28  Dark Templar  
  75  20:21  Pylon  
  75  20:23  Pylon  
  75  20:24  Assimilator  
  75  20:27  Assimilator  
  75  20:44  Photon Cannon x2  
  75  20:52  Nexus  
  75  21:03  Dark Templar x2  
  78  21:04  Dark Templar x2  
  72  21:35  Pylon  
  84  22:01  Void Ray x2 (Chrono Boost)  
  84  22:02  Void Ray (Chrono Boost)  
  66  23:02  Zealot  
  66  23:03  Zealot x5  
  78  23:11  Photon Cannon x2  
  78  23:13  Photon Cannon  
  78  23:14  Photon Cannon  
  78  23:29  Zealot x3  
  78  23:30  Zealot x3  
  89  23:37  Probe  
  85  23:48  Probe  
  85  23:58  Probe  
  82  24:09  Probe  
  75  24:19  Probe, Archon x3  
  75  24:21  Dark Templar x2  
  75  24:22  Dark Templar x3  
  86  24:24  Zealot  
  88  24:35  Archon x2  
  88  24:36  Archon  
  88  24:44  Pylon  
  88  24:45  Pylon  
  88  24:47  Assimilator  
  88  24:52  Assimilator  
  71  25:30  Photon Cannon  
  33  26:02  Zealot  
  33  26:03  Zealot x5  
  45  26:07  Probe  
  46  26:18  Probe  
  47  26:28  Probe  
  48  26:39  Probe  
  49  26:49  Probe  
  26  27:10  High Templar x2  
  26  27:12  Zealot x2  
  26  27:13  Zealot x2  
Show
View Real Time Build Order
Export as new Build Order

LindyHop Zerg - Winner!

Build Orders: Hatch First, Muta Ling Bane 

Get SALT Encoding   

  12  0:01  Drone  
  13  0:12  Overlord  
  13  0:17  Drone  
  14  0:30  Drone x2  
  16  0:49  Hatchery  
  15  0:52  Drone  
  16  1:08  Spawning Pool  
  15  1:12  Drone  
  15  1:14  Drone  
  17  1:22  Drone  
  17  1:24  Drone  
  19  1:29  Extractor  
  18  1:34  Drone  
  19  1:47  Overlord  
  19  2:01  Queen x2  
  19  2:05  Zergling x2  
  24  2:10  Zergling x2  
  25  2:20  Drone x2  
  25  2:22  Drone  
  28  2:30  Metabolic Boost  
  28  2:34  Drone  
  28  2:36  Drone  
  30  2:44  Drone x2  
  30  2:47  Overlord  
  30  2:50  Drone  
  33  2:58  Drone  
  33  3:03  Drone  
  35  3:07  Drone  
  36  3:17  Baneling Nest  
  36  3:19  Roach Warren  
  34  3:25  Drone  
  34  3:26  Zergling x10  
  40  3:31  Overlord  
  40  3:40  Lair  
  40  3:46  Evolution Chamber  
  39  3:48  Extractor  
  39  3:55  Spore Crawler  
  37  3:56  Spore Crawler  
  37  4:02  Drone x4  
  40  4:03  Drone x2  
  40  4:04  Drone, Extractor  
  42  4:26  Drone x2  
  42  4:28  Overlord  
  44  4:33  Hatchery  
  43  4:41  Overlord x2  
  43  4:46  Queen  
  44  4:59  Spire  
  43  5:02  Extractor  
  41  5:24  Drone x7  
  41  5:25  Drone  
  49  5:41  Zerg Ground Armor Level 1  
  49  5:44  Queen  
  49  5:47  Overlord x2  
  51  5:54  Drone x5  
  51  5:55  Drone  
  57  5:57  Drone  
  57  5:59  Drone  
  58  6:19  Drone x3  
  58  6:20  Drone  
  58  6:24  Mutalisk  
  58  6:25  Mutalisk x4  
  64  6:31  Extractor  
  71  6:33  Mutalisk, Extractor  
  71  6:34  Mutalisk  
  71  6:37  Overseer  
  74  6:46  Mutalisk, Zerg Flyer Weapons Level 1  
  76  6:56  Drone x3  
  76  6:57  Drone x3  
  76  6:58  Drone x3  
  85  7:10  Mutalisk  
  85  7:11  Mutalisk  
  85  7:13  Overlord  
  85  7:14  Overlord x2  
  89  7:16  Overseer  
  89  7:38  Hydralisk Den  
  89  7:41  Mutalisk x4  
  96  7:46  Drone x4  
  100  7:56  Mutalisk  
  100  7:57  Mutalisk  
  100  7:58  Evolution Chamber  
  103  8:04  Overseer  
  103  8:24  Mutalisk x4  
  103  8:26  Overlord x3  
  110  8:30  Hatchery  
  109  8:42  Muscular Augments  
  109  8:43  Zerg Missile Weapons Level 1  
  109  8:50  Zerg Flyer Armor Level 1  
  109  9:09  Mutalisk  
  109  9:10  Mutalisk x3  
  117  9:18  Mutalisk  
  117  9:28  Zergling x22  
  117  9:29  Zergling x26  
  135  9:39  Centrifical Hooks  
  135  9:44  Zergling x2  
  135  9:45  Zergling x6  
  139  10:16  Zergling x6  
  139  10:17  Baneling x4  
  139  10:18  Baneling x7  
  139  10:19  Baneling  
  141  10:22  Zerg Melee Weapons Level 1  
  141  10:26  Baneling  
  141  10:27  Baneling x7  
  141  10:28  Zergling x4  
  143  10:29  Overlord x4  
  143  10:30  Overlord x3  
  143  10:37  Overlord  
  143  10:38  Overlord x3  
  143  10:51  Mutalisk x4, Hydralisk  
  143  10:52  Hydralisk x3  
  159  10:58  Infestation Pit  
  151  11:35  Hydralisk  
  143  11:40  Hydralisk  
  143  11:41  Hydralisk x15  
  143  11:42  Hydralisk  
  173  11:53  Hydralisk  
  175  11:55  Zerg Missile Weapons Level 2  
  137  12:16  Hydralisk  
  137  12:17  Hydralisk x6  
  137  12:19  Hydralisk  
  137  12:20  Zergling x2  
  137  12:21  Zergling x4  
  137  12:28  Corruptor  
  138  12:55  Drone  
  138  12:56  Drone x5  
  144  13:00  Corruptor  
  144  13:01  Corruptor x4  
  154  13:10  Hive, Extractor  
  153  13:12  Hatchery  
  153  13:14  Extractor  
  153  13:19  Hatchery  
  150  13:39  Corruptor x5  
  160  14:10  Zergling x12  
  160  14:11  Zergling x10  
  171  14:25  Greater Spire  
  171  14:26  Zerg Missile Weapons Level 3  
  171  14:27  Zerg Ground Armor Level 2  
  171  14:30  Adrenal Glands  
  170  14:56  Spine Crawler  
  170  14:57  Spore Crawler  
  170  14:58  Drone x3  
  170  14:59  Drone x2  
  169  15:08  Viper  
  169  15:09  Viper x3  
  178  15:39  Brood Lord x3  
  178  15:40  Brood Lord  
  186  15:50  Extractor  
  186  15:51  Extractor  
  186  15:53  Drone  
  186  15:54  Drone x2  
  186  15:55  Drone  
  186  15:56  Drone x2  
  190  16:01  Drone, Extractor  
  190  16:03  Extractor  
  189  16:06  Brood Lord  
  189  16:07  Brood Lord x2  
  195  16:12  Brood Lord  
  197  16:55  Zerg Ground Armor Level 3  
  195  17:01  Ultralisk Cavern  
  194  17:32  Corruptor x3  
  139  17:55  Hydralisk x2  
  139  17:56  Hydralisk x16  
  145  18:02  Zergling x2  
  145  18:03  Zergling x22  
  156  18:13  Zergling x2  
  156  18:14  Hydralisk x3, Zergling x8  
  156  18:17  Corruptor  
  159  18:27  Corruptor x3  
  141  18:36  Corruptor  
  143  18:48  Corruptor x2  
  141  19:07  Hydralisk  
  141  19:08  Hydralisk x2  
  128  19:11  Zergling x2  
  125  19:25  Zergling x2  
  125  19:27  Zergling x2  
  125  19:28  Zergling x4  
  119  19:47  Spine Crawler  
  118  19:56  Spore Crawler  
  117  20:00  Spine Crawler  
  116  20:20  Viper  
  116  20:21  Viper x4  
  131  20:39  Hatchery  
  129  21:06  Baneling x5  
  129  21:20  Zergling x10  
  126  21:45  Overseer x3  
  126  21:46  Overseer x2  
  108  21:49  Hydralisk x8  
  108  21:50  Hydralisk x2  
  128  21:56  Spine Crawler  
  128  21:57  Spore Crawler  
  128  21:59  Spine Crawler  
  113  22:06  Hydralisk  
  113  22:07  Hydralisk  
  112  22:15  Zergling x2  
  105  22:16  Zergling x20  
  109  22:29  Hydralisk  
  101  22:30  Hydralisk  
  103  22:41  Spine Crawler  
  100  22:48  Zergling x6  
  100  22:49  Zergling x2  
  101  23:01  Zergling x2  
  101  23:02  Zergling x6  
  105  23:29  Hatchery  
  100  24:01  Hydralisk  
  100  24:02  Hydralisk  
  97  24:03  Zergling x14  
  97  24:04  Zergling x6  
  107  24:18  Hydralisk  
  107  24:19  Zergling x2  
  107  24:20  Zergling x4  
  112  24:43  Baneling x2  
  112  24:44  Baneling x2  
  112  24:59  Hydralisk  
  109  25:17  Hydralisk x2  
  109  25:19  Zergling x4  
  109  25:20  Zergling x22  
  126  25:42  Spore Crawler  
  125  25:43  Spine Crawler x2  
  96  26:03  Ultralisk  
  102  26:25  Drone x6  
  98  27:02  Hydralisk  
  98  27:03  Hydralisk x3  
  98  27:04  Hydralisk  
  103  27:14  Drone x2  
  99  27:27  Mutalisk  
  103  28:24  Hatchery  
Tags
 
Add a new tag
Caveats
  • Supply blocks, unpowered buildings, or Contaminate may cause inaccurate times.
  • Supply counts are checked every 10 seconds.